 Dungeon Crawl Stone Soup version 0.31-a0-188-g5e087ee2ca (webtiles) character file.

Game seed: 8500131909479306559

652 qw the Skirmisher (level 7, -1/41 HPs)
             Began as a Deep Elf Hunter on June 23, 2023.
             Slain by a lemure (3 damage)
             ... led by Pikel
             ... on level 4 of the Dungeon.
             The game lasted 00:01:50 (2894 turns).

qw the Skirmisher (Deep Elf Hunter)                 Turns: 2894, Time: 00:01:50

Health: -1/41      AC:  6    Str:  9 (10) XL:     7   Next: 28%
Magic:  9/9        EV: 11    Int: 14 (15) God:
Gold:   129        SH:  0    Dex: 15 (18) Spells: 6/6 levels left

rFire   . . .        d - +5 sling of Innocence {freeze, rElec Int-2 Stlth+}
rCold   . . .        (no shield)
rNeg    . . .        i - +0 ring mail
rPois   .            j - +0 helmet {Int+3}
rElec   +            (no cloak)
rCorr   .            (no gloves)
SInv    .            (no boots)
Will    +....        (no amulet)
Stlth   ++           a - ring of willpower
HPRegen 0.26/turn    (no ring)
MPRegen 0.11/turn

%: no passive effects
@: no status effects
A: no striking features
a: no special abilities


You were on level 4 of the Dungeon.
You visited 1 branch of the dungeon, and saw 4 of its levels.

You collected 129 gold pieces.


   Skills:
 - Level 3.5 Fighting
 + Level 10.0 Ranged Weapons
 - Level 1.0 Armour
 - Level 3.3 Dodging
 - Level 1.2 Stealth


You had 6 spell levels left.
You didn't know any spells.
Your spell library was empty.

Inventory:

Hand Weapons
 d - the +5 sling of Innocence (weapon) {freeze, rElec Int-2 Stlth+}
   (You took it off a kobold on level 2 of the Dungeon)

   Int:       It affects your intelligence (-2).
   rElec:     It insulates you from electricity.
   Stlth:     It makes you more stealthy.
Armour
 i - a +0 ring mail (worn)
 j - a +0 helmet of intelligence (worn)
Jewellery
 a - a ring of willpower (left hand)
Scrolls
 f - a scroll of identify
Potions
 b - 2 potions of curing
 l - a potion of might
 m - a potion of mutation {unknown}
 n - a potion of experience {unknown}

Dungeon Overview and Level Annotations

Branches:
Dungeon (4/15)
 Temple: D:4-7

Altars:
Okawaru

Annotations:
D:2 1 runed translucent door, Crazy Yiuf
D:4 Pikel


Message History

The kobold is severely wounded.
The kobold barely misses you.
You shoot a sling bullet. The sling bullet hits the kobold!
The sling bullet freezes the kobold.
You kill the kobold!
2886 ||| Stepping ~*~*~tactically~*~*~ (outnumbered).
The lemure attacks as you move away! The lemure misses you.
You shoot a sling bullet. The sling bullet hits the lemure.
The sling bullet freezes the lemure.
The lemure is moderately wounded.
The lemure hits you! The lemure hits you but does no damage.
You shoot a sling bullet. The sling bullet hits the lemure.
The sling bullet freezes the lemure.
The lemure is heavily wounded.
The lemure hits you but does no damage. The lemure hits you.
You shoot a sling bullet. The sling bullet hits the lemure.
The sling bullet freezes the lemure.
The lemure is severely wounded.
The lemure hits you! The lemure barely misses you.
You shoot a sling bullet.
The sling bullet hits the lemure but does no damage.
The lemure is severely wounded.
The lemure hits you! The lemure hits you but does no damage.
You shoot a sling bullet.
The sling bullet barely misses the lemure.
The lemure closely misses you.
You shoot a sling bullet. The sling bullet hits the lemure!
The sling bullet freezes the lemure.
You kill the lemure!
That felt strangely unrewarding.
Pikel says, "You'll freeze in Cocytus!"
The lemure hits you but does no damage. The adder barely misses you.
You shoot a sling bullet. The sling bullet closely misses Pikel.
Pikel hits you with a +2 whip of flaming!
Pikel burns you. The adder closely misses you. The lemure hits you.
You shoot a sling bullet. The sling bullet closely misses Pikel.
The adder barely misses you. Pikel barely misses you.
A lemure comes into view.
The lemure hits you.
You die...

.. .#. .##
#.. .. ..
#.###.
#....#
.#####...#
.......<.#
..$......+
#.##.##@5#
# #SK#
......)5..#
.......?..#
..5.5.....#
.....##.!##
##..$ ####
#... #...


You could see Pikel, 3 lemures and an adder.

Vanquished Creatures
  Grinder (D:3)
  Sigmund (D:2)
  A lemure (D:4)
  An orc priest (D:3)
  Jessica (D:2)
  An orc wizard (D:3)
  Natasha (thrice) (D:2)
  6 adders
  A worm (D:3)
  A dart slug (D:1)
  2 orcs (D:3)
  5 ball pythons
  7 bats
  6 endoplasms
  7 giant cockroaches
  9 goblins
  4 hobgoblins
  3 jackals (D:3)
  2 quokkas
  3 frilled lizards
  8 kobolds
  4 rats
77 creatures vanquished.

Notes
Turn   | Place    | Note
-------+----------+-------------------------------------------
     0 | D:1      | qw the Deep Elf Hunter began the quest for the Orb.
     0 | D:1      | Reached XP level 1. HP: 12/12 MP: 3/3
     0 | D:1      | 0 ||| qw: Version: 0.3-a-9-g12657ce
     0 | D:1      | 0 ||| qw: Game counter: 3320
     0 | D:1      | 0 ||| qw: Always use a shield: true
     0 | D:1      | 0 ||| qw: God list: Okawaru
     0 | D:1      | 0 ||| qw: Allow faded altars: false
     0 | D:1      | 0 ||| qw: Do Orc after D:15 true
     0 | D:1      | 0 ||| qw: Do second Lair branch before Depths: true
     0 | D:1      | 0 ||| qw: Lair rune preference: random
     0 | D:1      | 0 ||| qw: Plans: Normal
     0 | D:1      | 0 ||| PLANNING D:1-11
     1 | D:1      | Found an iron altar of Okawaru.
     2 | D:1      | 2 ||| PLANNING OKAWARU WORSHIP
   120 | D:1      | Reached skill level 6 in Ranged Weapons
   120 | D:1      | Reached XP level 2. HP: 16/16 MP: 4/4
   199 | D:1      | Found a faded altar of an unknown god.
   472 | D:1      | Reached XP level 3. HP: 20/20 MP: 5/5
   664 | D:1      | 664 ||| READING scroll labelled QIHUM SINNACUF.
   665 | D:1      | 665 ||| READING scroll labelled INGIYBL VIVAEPO.
   666 | D:1      | 666 ||| READING scroll labelled JOYMIN WAUPP.
   670 | D:1      | 670 ||| DRINKING 2 lumpy white potions.
   671 | D:1      | 671 ||| DROPPING scroll of butterflies.
   673 | D:1      | 673 ||| PLANNING D:1-11
   978 | D:1      | 978 ||| Stepping randomly (stuck).
  1002 | D:2      | Noticed Natasha
  1005 | D:2      | 1005 ||| FLEEEEING.
  1006 | D:2      | 1006 ||| FLEEEEING.
  1008 | D:2      | 1008 ||| STAIRDANCE
  1048 | D:1      | 1048 ||| UPGRADING to ring of willpower.
  1052 | D:2      | Killed Natasha
  1053 | D:2      | Reached skill level 7 in Ranged Weapons
  1072 | D:2      | Reached XP level 4. HP: 25/25 MP: 6/6
  1210 | D:2      | Identified the +5 sling of Innocence {freeze, rElec Int-2
                  | Stlth+}
  1212 | D:2      | 1212 ||| Stepping ~*~*~tactically~*~*~ (outnumbered).
  1262 | D:2      | 1262 ||| SWAPPING to +5 sling of Innocence {freeze, rElec
                  | Int-2 Stlth+}.
  1263 | D:2      | 1263 ||| DROPPING +0 shortbow.
  1270 | D:2      | Noticed Natasha
  1273 | D:2      | Killed Natasha
  1274 | D:2      | Reached skill level 8 in Ranged Weapons
  1360 | D:2      | Found a runed translucent door.
  1361 | D:2      | Noticed Crazy Yiuf
  1454 | D:2      | Noticed Sigmund
  1461 | D:2      | Killed Sigmund
  1462 | D:2      | Reached skill level 9 in Ranged Weapons
  1462 | D:2      | Reached XP level 5. HP: 29/29 MP: 7/7
  1462 | D:2      | Reached XP level 6. HP: 34/34 MP: 8/8
  1493 | D:2      | Noticed Natasha
  1498 | D:2      | Killed Natasha
  1709 | D:2      | Noticed Jessica
  1713 | D:2      | Killed Jessica
  1714 | D:2      | Reached skill level 3 in Dodging
  1767 | D:2      | 1767 ||| UPGRADING to +0 helmet of intelligence.
  1772 | D:2      | 1772 ||| READING scroll labelled DUUSUM BISO.
  1773 | D:2      | 1773 ||| READING scroll labelled ASCHIOL ACSIE.
  1774 | D:2      | 1774 ||| READING scroll labelled ZAVVEOL PIXAAJ.
  1775 | D:2      | 1775 ||| DRINKING 3 emerald potions.
  1777 | D:2      | 1777 ||| Stepping ~*~*~tactically~*~*~ (cloud).
  1784 | D:2      | HP: 8/34 [poisoned by you (poison gas)]
  2367 | D:3      | 2367 ||| UPGRADING to +0 ring mail.
  2386 | D:3      | 2386 ||| DROPPING +0 leather armour.
  2446 | D:3      | Noticed Grinder
  2465 | D:3      | Killed Grinder
  2466 | D:3      | Reached skill level 3 in Fighting
  2466 | D:3      | Reached XP level 7. HP: 30/41 MP: 9/9
  2528 | D:3      | HP: 4/41 [orc priest/divine providence (13)]
  2529 | D:3      | 2529 ||| READING scroll of teleportation.
  2530 | D:3      | 2530 ||| DRINKING potion of heal wounds.
  2671 | D:3      | Reached skill level 10 in Ranged Weapons
  2729 | D:3      | Reached skill level 1 in Armour
  2869 | D:3      | 2869 ||| DRINKING 2 viscous inky potions.
  2870 | D:3      | 2870 ||| READING 3 scrolls of identify.
  2870 | D:3      | 2870 ||| IDENTIFYING glowing emerald potion
  2871 | D:3      | 2871 ||| READING 2 scrolls of identify.
  2871 | D:3      | 2871 ||| IDENTIFYING fuming ruby potion
  2872 | D:3      | 2872 ||| DROPPING potion of ambrosia.
  2873 | D:3      | 2873 ||| DROPPING potion of degeneration.
  2882 | D:4      | Noticed Pikel
  2886 | D:4      | 2886 ||| Stepping ~*~*~tactically~*~*~ (outnumbered).
  2893 | D:4      | HP: 10/41 [Pikel/+2 whip of flaming (9)]
  2893 | D:4      | HP: 2/41 [lemure[Pikel] (6)]
  2894 | D:4      | Slain by a lemure

Levels and vault maps discovered:
D:1:      sevenhm_arrival_forest_fort_small_6, layout_basic,
          shapermc_ecumenical_altar_ellora
D:2:      layout_basic, uniq_sigmund, uniq_crazy_yiuf_cottage, uniq_natasha,
          uniq_jessica
D:3:      layout_loops_corners, nicolae_kite_square_tiling_tiny, uniq_grinder
D:4:      layout_gridville, nicolae_concentric_dashed_squares_mild, uniq_pikel

Skill      XL: |  1  2  3  4  5  6  7 |
---------------+----------------------+-----
Ranged Weapons | 6 7 9 10 | 10.0
Dodging        | 3 |  3.3
Fighting       | 3 |  3.5
Armour         | 1 |  1.0
Stealth        | |  1.2

Action                     |  1- 3 |  4- 6 |  7- 9 || total
---------------------------+-------+-------+-------++-------
   Fire: Shortbow          |    65 |    31 |       ||    96
         Sling             |       |    63 |    35 ||    98
    Use: Scroll            |     3 |     3 |     3 ||     9
         Potion            |     1 |     1 |     2 ||     4
 Armour: Leather armour    |     3 |     2 |       ||     5
         Ring mail         |       |     2 |     4 ||     6
  Dodge: Dodged            |     1 |    12 |    11 ||    24

Table legend:
 A = Non-vault XP
 B = Vault XP
 C = Vault XP percentage of total XP
 D = Non-vault monster count
 E = Vault monster count
 F = Vault count percentage of total count
                 A         B        C        D         E       F
            +---------+---------+-------+---------+---------+-------
      Total |     340 |     592 |  63.5 |      72 |       4 |   5.3
            +---------+---------+-------+---------+---------+-------
        D:1 |      45 |       0 |   0.0 |      24 |       0 |   0.0
        D:2 |     145 |     311 |  68.2 |      27 |       3 |  10.0
        D:3 |     147 |     281 |  65.7 |      19 |       1 |   5.0
        D:4 |       3 |       0 |   0.0 |       2 |       0 |   0.0
            +---------+---------+-------+---------+---------+-------
